details: 'rt perch (disc)'

« prev index next »

General information

Mini Map

Players

team 1
Humanfka44HK (yellow | 27 APM | 14 actions | 00:31)

» actions
Build / train8
Enter build submenu1
Right click1
Select / deselect3
Use ability1
14 total
» units
Peasant8
8 total
» buildings
Farm1
1 total
» build order
00:22 Farm
Random» UndeadInfectedTwaT (green | 20 APM | 397 actions | 19:24)
Hero icon 4 Lich
Ability icon 2 Frost Nova
Ability icon 2 Frost Armor
Hero icon 2 Crypt Lord
Ability icon 1 Spiked Carapace
Ability icon 1 Impale

» actions
Assign group hotkey17
Build / train49
Enter build submenu14
Enter hero's abilities submenu6
Give item / drop item1
Right click150
Select / deselect112
Select group hotkey16
Use ability31
397 total
» units
Acolyte2
Ghoul3
Crypt Fiend18
23 total
» upgrades
Creature Carapace3
Creature Attack3
Burrow1
Web1
8 total
» buildings
Altar of Darkness1
Ziggurat7
Graveyard1
Crypt1
Nerubian Tower1
Halls of the Dead1
Spirit Tower1
Black Citadel1
Sacrificial Pit1
Boneyard2
17 total
» build order
00:10 Altar of Darkness
00:13 Ziggurat
00:21 Graveyard
00:58 Crypt
01:23 Nerubian Tower
03:06 Ziggurat
05:03 Ziggurat
05:15 Ziggurat
08:04 Halls of the Dead
09:20 Ziggurat
09:28 Ziggurat
13:34 Ziggurat
13:40 Spirit Tower
13:42 Black Citadel
13:51 Sacrificial Pit
17:19 Boneyard
17:27 Boneyard
» items
Healing Salve1
Scroll of Town Portal1
Scroll of Healing1
Scroll of Protection1
4 total
Human194 (red | 49 APM | 1558 actions | 31:33)
Hero icon 3 Archmage
Ability icon 2 Blizzard
Ability icon 1 Brilliance Aura
Hero icon 2 Mountain King
Ability icon 2 Storm Bolt
Hero icon 1 Blood Mage
Ability icon 1 Flame Strike
Hero icon 1 Crypt Lord
Ability icon 1 Impale
Hero icon 1 Lich
Ability icon 1 Frost Nova

» actions
Assign group hotkey12
Basic commands30
Build / train181
Enter build submenu76
Enter hero's abilities submenu8
Give item / drop item4
Right click474
Select / deselect460
Select group hotkey29
Use ability284
1558 total
» units
Peasant22
Footman15
Goblin Zeppelin1
Goblin Shredder1
Dragonhawk Rider4
43 total
» upgrades
Masonry6
Defend1
Cloud1
Storm Hammers1
Armor3
Animal War Training1
Swords1
14 total
» buildings
Altar of Kings2
Farm18
Barracks3
Lumber Mill2
Scout Tower160
Arcane Tower3
Guard Tower57
Arcane Vault2
Keep2
Blacksmith2
Castle2
Gryphon Aviary4
Town Hall1
Arcane Sanctum1
259 total
» build order
00:07 Altar of Kings
00:25 Farm
00:41 Altar of Kings
00:51 Barracks
01:00 Lumber Mill
01:07 Farm
01:37 Lumber Mill
01:55 Scout Tower
01:55 Scout Tower
01:58 Farm
02:03 Scout Tower
02:04 Scout Tower
02:05 Scout Tower
02:18 Scout Tower
02:35 Arcane Tower
02:35 Arcane Tower
02:43 Guard Tower
02:43 Guard Tower
02:58 Arcane Tower
03:01 Farm
03:01 Farm
03:04 Farm
03:14 Guard Tower
03:20 Scout Tower
03:22 Scout Tower
03:28 Arcane Vault
03:32 Guard Tower
03:41 Keep
04:24 Guard Tower
04:33 Farm
04:54 Scout Tower
04:55 Scout Tower
04:56 Scout Tower
05:03 Blacksmith
05:26 Guard Tower
05:47 Keep
06:24 Guard Tower
08:13 Castle
09:49 Gryphon Aviary
09:50 Gryphon Aviary
09:55 Farm
09:55 Farm
10:13 Town Hall
10:50 Arcane Vault
11:03 Barracks
11:07 Blacksmith
12:29 Barracks
12:40 Guard Tower
13:01 Guard Tower
13:55 Guard Tower
14:30 Guard Tower
15:13 Guard Tower
16:07 Scout Tower
16:07 Scout Tower
16:09 Scout Tower
16:11 Scout Tower
16:14 Scout Tower
16:16 Scout Tower
16:17 Scout Tower
16:18 Scout Tower
16:19 Scout Tower
16:21 Scout Tower
16:24 Scout Tower
16:25 Scout Tower
16:26 Scout Tower
16:29 Scout Tower
16:34 Scout Tower
16:37 Scout Tower
16:39 Scout Tower
16:40 Scout Tower
16:43 Scout Tower
16:51 Guard Tower
16:54 Scout Tower
16:56 Scout Tower
16:58 Scout Tower
16:59 Scout Tower
17:01 Scout Tower
17:02 Scout Tower
17:04 Scout Tower
17:07 Scout Tower
17:09 Scout Tower
17:11 Scout Tower
17:13 Scout Tower
17:15 Scout Tower
17:17 Scout Tower
17:21 Guard Tower
17:40 Guard Tower
17:59 Guard Tower
18:03 Guard Tower
18:53 Guard Tower
19:24 Guard Tower
19:38 Scout Tower
20:01 Guard Tower
20:31 Scout Tower
20:31 Scout Tower
20:31 Scout Tower
20:32 Scout Tower
20:32 Scout Tower
20:33 Scout Tower
20:34 Scout Tower
20:34 Scout Tower
20:35 Scout Tower
20:35 Scout Tower
20:36 Scout Tower
20:37 Scout Tower
20:37 Scout Tower
20:38 Scout Tower
20:38 Scout Tower
20:39 Scout Tower
20:40 Scout Tower
20:41 Scout Tower
20:41 Scout Tower
20:42 Scout Tower
20:43 Scout Tower
20:43 Scout Tower
20:45 Scout Tower
20:45 Scout Tower
20:46 Scout Tower
20:46 Scout Tower
20:47 Scout Tower
20:48 Scout Tower
20:49 Scout Tower
20:50 Scout Tower
20:51 Scout Tower
20:51 Scout Tower
20:52 Scout Tower
20:53 Scout Tower
20:54 Scout Tower
20:54 Scout Tower
20:55 Scout Tower
20:55 Scout Tower
20:57 Scout Tower
20:58 Scout Tower
20:59 Scout Tower
20:59 Scout Tower
21:00 Scout Tower
21:01 Scout Tower
21:09 Castle
21:10 Guard Tower
21:20 Guard Tower
21:41 Guard Tower
21:51 Guard Tower
21:54 Guard Tower
21:56 Guard Tower
22:10 Guard Tower
22:20 Guard Tower
22:43 Guard Tower
22:48 Guard Tower
22:53 Guard Tower
22:57 Guard Tower
23:00 Guard Tower
23:03 Scout Tower
23:03 Scout Tower
23:03 Scout Tower
23:04 Scout Tower
23:04 Scout Tower
23:05 Scout Tower
23:05 Scout Tower
23:06 Scout Tower
23:07 Scout Tower
23:07 Scout Tower
23:08 Scout Tower
23:08 Scout Tower
23:09 Scout Tower
23:09 Scout Tower
23:10 Scout Tower
23:11 Scout Tower
23:11 Scout Tower
23:12 Scout Tower
23:13 Scout Tower
23:14 Scout Tower
23:14 Scout Tower
23:15 Scout Tower
23:15 Scout Tower
23:16 Scout Tower
23:18 Scout Tower
23:18 Scout Tower
23:41 Guard Tower
23:55 Guard Tower
24:02 Guard Tower
24:13 Farm
24:14 Farm
24:15 Farm
24:16 Farm
24:18 Farm
24:18 Farm
24:19 Farm
24:20 Farm
24:21 Farm
24:24 Guard Tower
24:34 Guard Tower
24:51 Guard Tower
24:57 Guard Tower
25:07 Gryphon Aviary
25:09 Gryphon Aviary
25:40 Guard Tower
25:49 Scout Tower
25:50 Scout Tower
27:11 Guard Tower
27:20 Guard Tower
27:40 Guard Tower
27:48 Scout Tower
27:54 Scout Tower
27:55 Scout Tower
27:56 Scout Tower
27:59 Scout Tower
28:00 Scout Tower
28:02 Scout Tower
28:25 Guard Tower
28:58 Guard Tower
29:09 Scout Tower
29:10 Scout Tower
29:10 Scout Tower
29:11 Scout Tower
29:12 Scout Tower
29:13 Scout Tower
29:13 Scout Tower
29:14 Scout Tower
29:14 Scout Tower
29:15 Scout Tower
29:15 Scout Tower
29:16 Scout Tower
29:17 Scout Tower
29:17 Scout Tower
29:18 Scout Tower
29:20 Scout Tower
29:22 Scout Tower
29:23 Scout Tower
29:23 Scout Tower
29:25 Scout Tower
29:26 Scout Tower
29:31 Guard Tower
29:37 Scout Tower
29:37 Scout Tower
29:42 Scout Tower
29:43 Guard Tower
29:50 Guard Tower
30:03 Guard Tower
30:14 Guard Tower
30:18 Guard Tower
30:24 Guard Tower
30:29 Arcane Sanctum
30:42 Guard Tower
30:59 Guard Tower
31:03 Scout Tower
31:05 Scout Tower
31:06 Scout Tower
31:08 Scout Tower
31:09 Scout Tower
31:13 Scout Tower
31:17 Scout Tower
31:18 Scout Tower
31:23 Scout Tower
31:24 Scout Tower
31:25 Guard Tower
» items
Boots of Speed1
Staff of Teleportation1
Periapt of Vitality1
Scroll of Regeneration1
Lesser Clarity Potion4
Ivory Tower37
45 total
Random» Orcprincipeartas (blue | 43 APM | 694 actions | 16:04)
Hero icon 4 Blademaster
Ability icon 2 Wind Walk
Ability icon 2 Critical Strike
Hero icon 2 Mountain King
Ability icon 2 Bash

» actions
Assign group hotkey8
Basic commands4
Build / train35
Enter build submenu16
Enter hero's abilities submenu6
Give item / drop item3
Remove unit from queue1
Right click367
Select / deselect179
Select group hotkey41
Use ability34
694 total
» units
Peon6
Grunt9
Troll Headhunter/Berserker1
16 total
» upgrades
Melee Weapons2
Armor2
Ranged Weapons1
Spiked Barricades1
Berserker Strength1
Troll Regeneration1
8 total
» buildings
Altar of Storms1
Orc Burrow4
Barracks2
Voodoo Lounge1
War Mill2
Watch Tower3
Stronghold1
Great Hall1
15 total
» build order
00:10 Altar of Storms
00:25 Orc Burrow
01:10 Barracks
01:28 Orc Burrow
02:06 Barracks
02:25 Voodoo Lounge
03:15 Orc Burrow
03:35 War Mill
03:46 War Mill
05:15 Watch Tower
05:20 Orc Burrow
09:03 Watch Tower
09:13 Watch Tower
10:11 Stronghold
14:45 Great Hall
» items
Healing Salve2
2 total
team 2
HumanCHICK101 (purple | 34 APM | 1077 actions | 31:29)
Hero icon 3 Archmage
Ability icon 2 Summon Water Elemental
Ability icon 1 Blizzard

» actions
Build / train67
Enter build submenu27
Enter hero's abilities submenu3
Remove unit from queue10
Right click746
Select / deselect177
Use ability47
1077 total
» units
Peasant12
Footman20
Rifleman2
Mortar Team10
44 total
» upgrades
Defend1
Long Rifles1
Flare1
Fragmentation Shards1
4 total
» buildings
Farm12
Altar of Kings1
Barracks2
Scout Tower3
Arcane Tower3
Lumber Mill1
Blacksmith1
Arcane Vault1
Keep1
Arcane Sanctum2
Workshop2
Castle1
Town Hall1
31 total
» build order
00:27 Farm
00:37 Farm
00:39 Altar of Kings
00:54 Barracks
01:21 Farm
01:47 Farm
02:06 Farm
02:27 Scout Tower
02:56 Farm
03:00 Arcane Tower
03:04 Scout Tower
03:33 Arcane Tower
03:37 Scout Tower
03:42 Farm
08:08 Arcane Tower
08:15 Lumber Mill
10:10 Blacksmith
10:22 Arcane Vault
11:30 Barracks
13:46 Keep
21:20 Arcane Sanctum
24:33 Arcane Sanctum
24:40 Farm
24:42 Farm
24:44 Farm
24:48 Farm
24:51 Farm
25:25 Workshop
26:44 Workshop
26:54 Castle
27:33 Town Hall
Random» UndeadJonah_Jihad (orange | 34 APM | 1073 actions | 31:29)
Hero icon 4 Dreadlord
Ability icon 2 Vampiric Aura
Ability icon 2 Carrion Swarm

» actions
Basic commands22
Build / train70
Enter build submenu32
Enter hero's abilities submenu4
Give item / drop item4
Remove unit from queue1
Right click548
Select / deselect356
Use ability35
1073 total
» units
Acolyte9
Ghoul9
Crypt Fiend2
Gargoyle12
Goblin Shredder1
Blue Dragon1
Blue Drake1
Blue Dragon Whelp1
Frost Wyrm4
40 total
» upgrades
Web1
Cannibalize1
Burrow1
Creature Attack3
Creature Carapace3
Stone Form1
Freezing Breath1
11 total
» buildings
Ziggurat13
Graveyard2
Altar of Darkness1
Crypt2
Spirit Tower11
Halls of the Dead1
Black Citadel1
Necropolis2
Sacrificial Pit1
Boneyard2
36 total
» build order
00:08 Ziggurat
00:13 Graveyard
00:50 Altar of Darkness
01:17 Crypt
01:50 Crypt
02:29 Ziggurat
03:32 Ziggurat
04:53 Spirit Tower
04:55 Spirit Tower
05:23 Spirit Tower
06:24 Halls of the Dead
06:31 Ziggurat
06:35 Ziggurat
07:01 Ziggurat
07:55 Spirit Tower
07:58 Ziggurat
08:34 Ziggurat
09:32 Spirit Tower
09:36 Spirit Tower
09:43 Ziggurat
11:05 Black Citadel
11:14 Ziggurat
11:17 Ziggurat
11:20 Ziggurat
11:26 Spirit Tower
14:18 Spirit Tower
14:42 Spirit Tower
15:15 Spirit Tower
15:45 Necropolis
18:19 Ziggurat
23:37 Spirit Tower
23:53 Sacrificial Pit
24:16 Graveyard
24:55 Boneyard
25:02 Boneyard
29:07 Necropolis
Undeadjasonxtrinh (pink | 51 APM | 1621 actions | 31:29)
Hero icon 4 Dreadlord
Ability icon 2 Vampiric Aura
Ability icon 2 Carrion Swarm
Hero icon 3 Lich
Ability icon 2 Frost Nova
Ability icon 1 Frost Armor
Hero icon 2 Death Knight
Ability icon 1 Death Coil
Ability icon 1 Unholy Aura

» actions
Assign group hotkey26
Basic commands41
Build / train66
ESC pressed5
Enter build submenu32
Enter hero's abilities submenu10
Right click419
Select / deselect283
Select group hotkey641
Use ability98
1621 total
» units
Acolyte5
Ghoul13
Necromancer6
Crypt Fiend1
Meatwagon4
Frost Wyrm3
Obsidian Statue2
Goblin Zeppelin1
35 total
» upgrades
Cannibalize1
Necromancer Training2
Unholy Strength2
Unholy Armor2
Skeletal Longevity1
Exhume Corpses1
Skeletal Mastery1
Disease Cloud1
Freezing Breath1
12 total
» buildings
Ziggurat9
Crypt2
Altar of Darkness1
Nerubian Tower2
Tomb of Relics1
Halls of the Dead1
Graveyard1
Black Citadel1
Temple of the Damned2
Slaughterhouse1
Sacrificial Pit1
Boneyard2
Necropolis1
25 total
» build order
00:10 Ziggurat
00:27 Crypt
01:01 Altar of Darkness
01:19 Crypt
02:06 Ziggurat
02:15 Nerubian Tower
02:26 Tomb of Relics
04:07 Ziggurat
05:05 Halls of the Dead
05:38 Graveyard
05:44 Ziggurat
07:59 Black Citadel
08:10 Temple of the Damned
08:14 Temple of the Damned
08:31 Slaughterhouse
10:11 Ziggurat
12:36 Ziggurat
13:24 Nerubian Tower
13:42 Ziggurat
17:16 Sacrificial Pit
19:40 Boneyard
19:43 Boneyard
20:13 Necropolis
20:54 Ziggurat
21:10 Ziggurat
» items
Rod of Necromancy1
Scroll of Town Portal1
Potion of Healing1
3 total
Humankenjit (teal | 19 APM | 606 actions | 31:29)
Hero icon 4 Archmage
Ability icon 2 Summon Water Elemental
Ability icon 1 Blizzard
Ability icon 1 Brilliance Aura

» actions
Build / train57
Enter build submenu26
Enter hero's abilities submenu4
Right click169
Select / deselect313
Use ability37
606 total
» units
Peasant4
Footman16
Rifleman8
Mortar Team6
Flying Machine4
Siege Engine1
Priest2
41 total
» upgrades
Flak Cannons1
Flying Machine Bombs1
Barrage1
3 total
» buildings
Altar of Kings1
Barracks1
Farm7
Blacksmith1
Keep1
Scout Tower7
Workshop1
Lumber Mill1
Cannon Tower3
Arcane Tower1
Guard Tower2
Castle1
Gryphon Aviary1
Arcane Sanctum1
Town Hall1
30 total
» build order
00:11 Altar of Kings
00:59 Barracks
01:05 Farm
01:57 Blacksmith
03:05 Farm
03:42 Farm
04:11 Farm
07:15 Keep
09:09 Farm
09:54 Farm
10:35 Scout Tower
10:41 Workshop
11:46 Scout Tower
12:16 Farm
12:32 Scout Tower
13:01 Lumber Mill
13:07 Scout Tower
13:24 Cannon Tower
13:26 Arcane Tower
14:16 Scout Tower
14:41 Guard Tower
17:15 Cannon Tower
17:41 Castle
17:47 Scout Tower
21:35 Scout Tower
22:24 Gryphon Aviary
25:31 Arcane Sanctum
26:57 Guard Tower
29:35 Town Hall
31:23 Cannon Tower

Chat log

(00:38 / Allies) principeartas: who takes him

(02:44 / Allies) principeartas: red lets go with heros

(06:16 / Allies) principeartas: heeelp
(06:38 / Allies) 194: use burrows

(14:52 / Allies) principeartas: tp